 Dungeon Crawl Stone Soup version 0.28-a0-1159-g27aa881441 (webtiles) character file.

Game seed: 11379509168781717348

153 Gwenloh the Chucker (level 5, 0/82 HPs)
             Began as an Ogre Hunter on Dec 15, 2021.
             Slain by an adder (2 damage)
             ... on level 3 of the Dungeon.
             The game lasted 00:08:47 (2799 turns).

Gwenloh the Chucker (Ogre Hunter)                   Turns: 2799, Time: 00:08:47

Health: 0/82       AC:  3    Str: 16    XL:     5   Next: 35%
Magic:  7/7        EV: 10    Int: 12    God:
Gold:   64         SH:  0    Dex: 11    Spells: 6/7 levels left

rFire   . . .      SeeInvis .   e - +0 quarterstaff
rCold   . . .      Faith    .   (shield currently unavailable)
rNeg    . . .      Spirit   .   b - +0 robe
rPois   .          Reflect  .   (helmet restricted)
rElec   .          Harm     .   (no cloak)
rCorr   .          Rampage  .   (gloves unavailable)
Will    .....                   (boots unavailable)
Stlth   ..........              (no amulet)
HPRegen 0.23/turn               (no ring)
MPRegen 0.10/turn               (no ring)

@: berserking, very quick
A: large, unfitting armour, tough skin 1
a: no special abilities


You were on level 3 of the Dungeon.
You visited 1 branch of the dungeon, and saw 4 of its levels.

You collected 64 gold pieces.

Inventory:

Hand Weapons
 a - a +0 short sword
 e - a +0 quarterstaff (weapon)
 k - a +0 flail
Missiles
 c - 5 large rocks (quivered)
 d - 2 throwing nets
 f - 41 stones
 i - 30 poisoned darts
Armour
 b - a +0 robe (worn)
Scrolls
 g - 2 scrolls of identify {unknown}
 l - a scroll of magic mapping {unknown}
 n - 3 scrolls of blinking {unknown}
Potions
 j - a potion of mutation {unknown}
 m - a potion of magic {unknown}
 o - a potion of flight {unknown}


   Skills:
 + Level 4.5 Fighting
 + Level 4.7 Throwing
 - Level 2.4 Dodging
 - Level 0.6 Stealth
 + Level 1.7 Spellcasting
 + Level 1.3 Necromancy


You had 6 spell levels left.
You knew the following spells:

 Your Spells              Type           Power      Damage    Failure   Level
a - Pain                  Necr           16%        1d4       16%         1

Your spell library contained the following spells:

 Spells                   Type           Power      Damage    Failure   Level
 Animate Skeleton         Necr           8%         N/A       16%         1
 Vampiric Draining        Necr           4%         2d6       43%         3
 Borgnjor's Revivificati  Necr           2%         N/A       100%        8
 Necromutation            Tmut/Necr      1%         N/A       100%        8
 Death's Door             Necr           2%         N/A       100%        9


Dungeon Overview and Level Annotations

Branches:
Dungeon (4/15)
 Temple: D:4-7

Altars:

Annotations:
D:3 Grinder, Robin


Innate Abilities, Weirdness & Mutations

You are too large for most types of armour.
You have tough skin. (AC +1)


Message History

Robin hits you from afar with a +0 spear.
The goblin hits you with a +0 club. Robin closely misses you.
The goblin hits you but does no damage. The goblin completely misses you.
You closely miss the goblin. The goblin hits you with a +0 dagger.
* * * LOW HITPOINT WARNING * * *
The goblin hits you with a +0 dagger.
* * * LOW HITPOINT WARNING * * *
The goblin closely misses you. The goblin hits you but does no damage.
Throw: 6 large rocks
Press: ? - help, Q - select action, (/) - cycle Shift-Dir - straight line, f - goblin
Aim: a goblin, wielding a +0 dagger (strong, 53% to hit)
You throw a large rock. The large rock hits the goblin!
You kill the goblin!
The goblin hits you but does no damage. Robin barely misses you.
The goblin hits you with a +0 club.
* * * LOW HITPOINT WARNING * * *
Robin hits you from afar with a +0 spear.
* * * LOW HITPOINT WARNING * * *
The goblin hits you but does no damage. The goblin closely misses you.
The goblin no longer looks unusually strong.
The goblin hits you with a +0 club.
* * * LOW HITPOINT WARNING * * *
Robin closely misses you.
Items here: ( ))) ††.
It was a potion of berserk rage.
A red film seems to cover your vision as you go berserk!
You feel yourself moving faster!
You feel mighty!
The goblin no longer looks unusually strong.
The goblin barely misses you. x2
You bludgeon the goblin!!
You kill the goblin!
The goblin hits you with a +0 club.
* * * LOW HITPOINT WARNING * * *
Robin hits you but does no damage.
You hit the goblin.
You kill the goblin!
You thump the adder!
The adder is severely wounded.
The adder bites you.
You die...

#.##.......†
#.##.##.#......
####.........#####
.(#####.##.### #.
#.#####.##.######.
..................
#.........†#####.. #
#.#####.#..# #..
...g###@#####.#..# #..
...ggg.)S.....#..# #..
#######.#######..#####..
#.# #......... ..#
#......... ###
########.. ..... #.###.
# #.


You could see Robin, an adder and 2 goblins.

Vanquished Creatures
  2 orc wizards (D:3)
  4 adders
  A worm (D:2)
  3 orcs (D:3)
  3 bats
  2 endoplasms (D:2)
  2 giant cockroaches (D:1)
  11 goblins
  8 hobgoblins
  5 kobolds
  4 quokkas (D:1)
  4 ball pythons
  4 frilled lizards
  5 rats
58 creatures vanquished.

Notes
Turn   | Place    | Note
-------+----------+-------------------------------------------
     0 | D:1      | Gwenloh the Ogre Hunter began the quest for the Orb.
     0 | D:1      | Reached XP level 1. HP: 22/22 MP: 1/1
   350 | D:1      | Reached XP level 2. HP: 31/31 MP: 2/2
   437 | D:1      | Found a faded altar of an unknown god.
   836 | D:1      | Reached XP level 3. HP: 35/37 MP: 3/3
  1040 | D:1      | You fall into a shaft and drop 1 floor!
  1109 | D:2      | Learned a level 1 spell: Pain
  1515 | D:2      | Reached XP level 4. HP: 48/48 MP: 4/4
  2216 | D:3      | Noticed Grinder
  2307 | D:3      | Reached skill level 1 in Spellcasting
  2307 | D:3      | Reached skill level 1 in Necromancy
  2321 | D:3      | Reached XP level 5. HP: 4/55 MP: 5/7
  2787 | D:3      | Noticed Robin
  2795 | D:3      | HP: 2/55 [goblin[Robin] (5)]
  2799 | D:3      | Slain by an adder

Illustrated notes

Levels and vault maps discovered:
D:1:      saegor_arrival_under_anarchy, layout_basic,
          shapermc_ecumenical_altar_totnotflames
D:2:      layout_basic
D:3:      layout_loops_ring, minmay_cupped, uniq_grinder, uniq_ijyb, uniq_robin
D:4:      layout_loops_ring, tso_oasis_becter, uniq_duvessa

Skill      XL: |  1  2  3  4 |
---------------+-------------+-----
Fighting       | 3 4 |  4.5
Dodging        | 2 |  2.4
Spellcasting   | 1 |  1.7
Necromancy     | 1 |  1.3
Throwing       | |  4.7
Stealth        | |  0.6

Action                   |  1- 3 |  4- 6 || total
-------------------------+-------+-------++-------
Melee: Quarterstaff      |    85 |    52 ||   137
Throw: Stone             |    39 |       ||    39
       Large rock        |     4 |     5 ||     9
       Dart              |    28 |    12 ||    40
  Use: Potion            |       |     1 ||     1
Armor: Robe              |    35 |    25 ||    60
Dodge: Dodged            |    56 |    49 ||   105

Table legend: (Time is in decaauts)
 A = Elapsed time spent in this place.
 B = Non-inter-level travel time spent in this place.
 C = Inter-level travel time spent in this place.
 D = Time resting spent in this place.
 E = Time spent auto-exploring this place.
 F = Levels seen in this place.
 G = Mean time per level.
                   A        B        C        D        E       F      G
               +--------+--------+--------+--------+--------+-----+--------+
         Total |   2834 |   2675 |    159 |    810 |   1278 |   4 |  708.5 |
       Dungeon |   2834 |   2675 |    159 |    810 |   1278 |   4 |  708.5 |
               +--------+--------+--------+--------+--------+-----+--------+

Top non-repeatable levels by time:
     D:1: 1264 daAuts
     D:2: 842 daAuts
     D:3: 502 daAuts
     D:4: 224 daAuts
